 Dungeon Crawl Stone Soup version 0.25.0-9-g26727b657a (webtiles) character file.

Game seed: 4224553347527505812

66 sanka the Gusty (level 3, -2/24 HPs)
             Began as a Vampire Air Elementalist on June 19, 2020.
             Killed from afar by Sigmund (9 damage)
             ... with a puff of flame
             ... on level 2 of the Dungeon.
             The game lasted 00:05:37 (1954 turns).

sanka the Gusty (Vampire Air Elementalist)          Turns: 1954, Time: 00:05:39

Health: -2/24      AC:  4    Str:  7    XL:     3   Next: 96%
Magic:  2/6        EV: 12    Int: 18    God:
Gold:   86         SH:  0    Dex: 14    Spells: 0/6 levels left

rFire    . . .     SeeInvis +   b - +0 hunting sling
rCold    . . .     Gourm    .   (no shield)
rNeg     . . .     Faith    .   a - +0 robe
rPois    .         Spirit   .   (no helmet)
rElec    .         Reflect  .   j - +0 cloak
rCorr    .         Harm     .   (no gloves)
MR       .....                  d - +0 pair of boots
Stlth    ++........             (no amulet)
HPRegen  0.28/turn              (no ring)
MPRegen  0.10/turn              (no ring)

@: regenerating quickly
A: no food, fangs 3, see invisible, unbreathing
a: Exsanguinate


You were on level 2 of the Dungeon.
You were alive.

You visited 1 branch of the dungeon, and saw 2 of its levels.

You collected 86 gold pieces.

Inventory:

Hand Weapons
 b - a +0 hunting sling (weapon)
Missiles
 k - 17 poisoned darts
 l - 13 sling bullets
 m - 67 stones (quivered)
Armour
 a - a +0 robe (worn)
 d - a +0 pair of boots (worn)
 j - a +0 cloak (worn)
Scrolls
 c - 2 scrolls of remove curse {unknown}
 e - a scroll of teleportation {unknown}
 f - 2 scrolls of fear {unknown}
 h - a scroll of identify {unknown}
 o - a scroll of enchant armour {unknown}
Potions
 g - a potion of invisibility {unknown}
 i - a potion of stabbing {unknown}
 n - a potion of lignification {unknown}


   Skills:
 - Level 2.1 Dodging
 - Level 3.0 Stealth
 - Level 2.0 Spellcasting
 + Level 1.5 Conjurations
 + Level 4.4 Air Magic


You couldn't memorise any spells.
You knew the following spells:

 Your Spells              Type           Power        Failure   Level  Hunger
a - Shock                 Conj/Air       ##..         5%          1    N/A
b - Swiftness             Chrm/Air       #.......     11%         2    N/A
c - Static Discharge      Conj/Air       ##......     16%         3    N/A

Your spell library contained the following spells:

 Spells                   Type           Power        Failure   Level  Hunger
 Airstrike                Air            ###.......   28%         4    N/A
 Lightning Bolt           Conj/Air       ##........   83%         5    N/A

Dungeon Overview and Level Annotations

Branches:
Dungeon (2/15)

Altars:

Annotations:
D:2 Sigmund


Innate Abilities, Weirdness & Mutations

You do not eat.
Your natural rate of healing is unusually fast.
You have razor-sharp teeth.
You have supernaturally acute eyesight. (SInv)
You can survive without breathing.


Message History

Sigmund screams, "I am the angel of ZOT!!!"
You open the large door.
There is a large open door here.
There is a large open door here.
Sigmund casts a spell at you. The puff of flame hits you!
Okay, then.
Sigmund hits you from afar with a +0 scythe.
* * * LOW HITPOINT WARNING * * *
Casting: Shock (safe; 5% risk of failure)
Confirm with . or Enter, or press ? or * to list all spells.
Aiming: Shock (safe; 5% risk of failure)
Press: ? - help, Shift-Dir - straight line, p - Sigmund The zap hits Sigmund.
Sigmund is severely wounded.
The zap hits Sigmund.
Sigmund is almost dead.
Sigmund casts a spell at you. The puff of flame hits you!
You die...

..............###...........#
............).+.<......###..#
..............##.......# #..##
..............##.......# #..#.
.............+#.......# #..#.
.................########..#.
#................'..>.)....#.
..##'#..............#########.#.
................@''### #...#.....
.............#...#@# #.#.#.#.##
.............#####K# #.#.#.#...
.............# #.# #.#.#.####
.)...........# #.# #.#.#.....
........##'#.# #.#####.#.......
........†g.#.#####.......#######.
........####K.@).................
.##.(...+ +.............######..


You could see Sigmund (invisible).

Vanquished Creatures
  2 worms (D:2)
  3 dart slugs
  A ball python (D:1)
  3 giant cockroaches
  5 goblins
  10 hobgoblins
  4 jackals (D:2)
  6 kobolds
  4 bats
  5 frilled lizards
  9 rats
52 creatures vanquished.

Notes
Turn   | Place    | Note
-------+----------+-------------------------------------------
     0 | D:1      | sanka the Vampire Air Elementalist began the quest for the
                  | Orb.
     0 | D:1      | Reached XP level 1. HP: 13/13 MP: 3/3
   130 | D:1      | Reached skill level 1 in Conjurations
   226 | D:1      | Reached XP level 2. HP: 19/19 MP: 1/5
   230 | D:1      | Learned a level 2 spell: Swiftness
   698 | D:1      | Reached skill level 4 in Air Magic
   891 | D:1      | Reached XP level 3. HP: 24/24 MP: 4/6
   915 | D:1      | Learned a level 3 spell: Static Discharge
  1923 | D:2      | Noticed Sigmund
  1954 | D:2      | Killed from afar by Sigmund

Illustrated notes

Levels and vault maps discovered:
D:1:      elethiomel_arrival_infinity_welcomes_careful_drivers, layout_rooms
D:2:      layout_basic, uniq_sigmund

Skill      XL: |  1  2 |
---------------+-------+-----
Conjurations   | 1 |  1.5
Air Magic      | 4 |  4.4
Dodging        | |  2.1
Stealth        | |  3.0
Spellcasting   | |  2.0

Action                   || total
-------------------------++-------
Melee: Unarmed           ||    20
       Bite              ||     3
 Fire: Hunting sling     ||    36
 Cast: Shock             ||    89
Armor: Robe              ||    20
Dodge: Dodged            ||    42
